 Dungeon Sprint DCSS version 0.29-a0-222-g5b244fca1f (webtiles) character file.

Game seed: 17932726298307758043

1206 mhtbhm the Fighter (level 8, -1/123 HPs)
             Began as a Yellow Draconian Berserker on Feb 28, 2022.
             Was a High Priest of Trog.
             Slain by Erica
             ... wielding a +4 scimitar of flaming
              (5 damage)
             ... in the Dungeon (Sprint III: "The Ten Rune Challenge").
             The game lasted 00:01:22 (1027 turns).

mhtbhm the Fighter (Yellow Draconian Berserker)     Turns: 1027, Time: 00:01:23

Health: -1/123     AC:  6    Str: 22    XL:     8   Next: 21%
Magic:  8/8        EV: 15    Int: 10    God:    Trog [*****.]
Gold:   32         SH:  0    Dex: 10    Spells: 7/7 levels left

rFire   . . .      SeeInvis .   a - +0 hand axe
rCold   . . .      Faith    .   (no shield)
rNeg    . . .      Spirit   .   (body armour unavailable)
rPois   .          Reflect  .   (helmet restricted)
rElec   .          Harm     .   (no cloak)
rCorr   +          Rampage  .   (no gloves)
Will    .....      NoTele   +   (no boots)
Stlth   ..........              (no amulet)
HPRegen 0.30/turn               (no ring)
MPRegen 0.11/turn               (no ring)

@: berserking, short of breath, flying, very quick
A: spit acid, AC +6, unfitting armour, cold-blooded, acid resistance, antennae
1, big wings, stinger 1, clever 1
a: Breathe Acid, Renounce Religion, Berserk, Trog's Hand, Brothers in Arms


You were in the Dungeon.
You worshipped Trog.
Trog was extremely pleased with you.
You visited 1 branch You collected 32 gold pieces.

Inventory:

Hand Weapons
 a - a +0 hand axe (weapon)
Scrolls
 g - a scroll of blinking
 j - a scroll of torment {unknown}
 k - a scroll of summoning {unknown}
 m - a scroll of holy word {unknown}
 n - a scroll of identify {unknown}
Potions
 b - a potion of curing
 c - a potion of heal wounds
 d - a potion of haste
 e - 2 potions of magic
 f - a potion of berserk rage
 h - a potion of ambrosia {unknown}
 i - 2 potions of mutation
 l - a potion of flight {unknown}
 o - 2 potions of lignification {unknown}
 p - 2 potions of cancellation {unknown}
Miscellaneous
 q - a box of beasts


   Skills:
 + Level 11.5 Fighting
 + Level 11.3 Axes
 + Level 10.2 Dodging
 + Level 0.6 Stealth


You had 7 spell levels left.
You didn't know any spells.
Your spell library was empty.

Dungeon Overview and Level Annotations

Branches:
Dungeon (1/1)

Altars:
Cheibriados
Dithmenos
Elyvilon
Fedhas
Gozag
Hepliaklqana
Kikubaaqudgha
Makhleb
Nemelex Xobeh
Okawaru
Qazlal
Ru
Sif Muna
Trog
Uskayaw
Vehumet
Wu Jian
Xom
Yredelemnul
Zin
The Shining One
Beogh
Jiyva
Lugonu

Annotations:
D Erica


Innate Abilities, Weirdness & Mutations

You can spit globs of acid.
Your golden yellow scales are hard. (AC +6)
You cannot fit into any form of body armour.
You are cold-blooded and may be slowed by cold attacks.
You are resistant to acid. (rCorr)
You have a pair of small antennae on your head.
Your large and strong wings let you fly.
Your tail ends in a venomous barb.
Your mind is acute. (Int +2)


Message History

Erica is moderately wounded.
You feel sick.
You hit Erica but do no damage. You tail-slap Erica!
Erica looks even sicker.
Erica is heavily wounded.
You feel sick. Erica closely misses you.
You hit Erica but do no damage.
Erica is heavily wounded.
You feel sick. Erica barely misses you.
You hit Erica.
Your tail-slap misses Erica.
Erica is heavily wounded.
You feel sick.
Erica hits you with a +4 scimitar of flaming!
Erica burns you.
* * * LOW HITPOINT WARNING * * *
You hit Erica but do no damage.
Erica is heavily wounded.
You feel sick.
You closely miss Erica.
Erica is heavily wounded.
You feel sick.
Erica hits you with a +4 scimitar of flaming.
* * * LOW HITPOINT WARNING * * *
Erica burns you.
* * * LOW HITPOINT WARNING * * *
You feel better.
Erica casts a spell.
Erica flickers and vanishes!
Deactivating autopickup; reactivate with Ctrl-A.
Press: ? - help, Shift-Dir - straight line You spit a glob of acid.
Something hits you!
* * * LOW HITPOINT WARNING * * *
Something burns you.
* * * LOW HITPOINT WARNING * * *
Unknown command.
Unknown command.
A red film seems to cover your vision as you go berserk!
You feel yourself moving faster!
You feel mighty! Something hits you!
* * * LOW HITPOINT WARNING * * *
Something burns you.
You die...

.#.).#__)#._#
.###'#'###)##
.#..........#
.'.⌠........#
.#...######'#
.#.⌠.#__#...#+#####
.#)..#__#...#..≈≈§+
.#'###__#...#.#≈≈≈#
.#)::#__#...'.#.@§#
.#___#__'...#.#§{§#
▓▓▓▓▓▓▓▓▓▓▓▓▓▓▓▓▓▓▓
{


There were no monsters in sight!

Vanquished Creatures
  A deep elf pyromancer (D)
  A shadow (D)
  A spatial vortex (D)
  A necrophage (D)
  A water elemental (D)
  A jelly (D)
  A wizard (D)
  A necromancer (D)
  3 humans (D)
  A kobold demonologist (D)
  A phantom (D)
  4 rats (D)
17 creatures vanquished.

Notes
Turn   | Place    | Note
-------+----------+-------------------------------------------
     0 | D        | mhtbhm the Draconian Berserker began the quest for the Orb.
     0 | D        | Reached XP level 1. HP: 19/19 MP: 1/1
    65 | D        | Reached ** piety under Trog
   100 | D        | Reached XP level 2. HP: 20/28 MP: 2/2
   253 | D        | Gained mutation: Your mind is acute. (Int +2) [potion of
                  | mutation]
   253 | D        | Gained mutation: You have a pair of small antennae on your
                  | head. [potion of mutation]
   253 | D        | Gained mutation: Your tail ends in a venomous barb. [potion
                  | of mutation]
   253 | D        | Gained mutation: Your large and strong wings let you fly.
                  | [potion of mutation]
   255 | D        | Noticed a water elemental
   261 | D        | Killed a water elemental
   261 | D        | Reached *** piety under Trog
   262 | D        | Reached skill level 5 in Axes
   262 | D        | Reached skill level 5 in Dodging
   262 | D        | Reached XP level 3. HP: 37/37 MP: 3/3
   262 | D        | Reached XP level 4. HP: 44/44 MP: 4/4
   313 | D        | Found a basalt altar of Yredelemnul.
   313 | D        | Found a shadowy altar of Dithmenos.
   313 | D        | Found a sacrificial altar of Ru.
   313 | D        | Noticed a necrophage
   321 | D        | Killed a necrophage
   322 | D        | Reached XP level 5. HP: 43/52 MP: 5/5
   371 | D        | Found a hide-covered altar of Uskayaw.
   371 | D        | Found an iron altar of Okawaru.
   371 | D        | Found a bloodstained altar of Trog.
   371 | D        | Found an ornate altar of the Wu Jian Council.
   371 | D        | Noticed a human
   372 | D        | Noticed a human
   382 | D        | Killed a human
   383 | D        | Reached XP level 6. HP: 60/62 MP: 6/6
   391 | D        | Killed a human
   391 | D        | Reached **** piety under Trog
   535 | D        | Found a radiant altar of Vehumet.
   535 | D        | Found a shimmering blue altar of Sif Muna.
   535 | D        | Found an ancient bone altar of Kikubaaqudgha.
   634 | D        | Found a glowing silver altar of Zin.
   634 | D        | Found a glowing golden altar of the Shining One.
   634 | D        | Found a white marble altar of Elyvilon.
   635 | D        | Noticed a deep elf pyromancer
   642 | D        | Killed a deep elf pyromancer
   642 | D        | Reached ***** piety under Trog
   643 | D        | Reached skill level 10 in Fighting
   643 | D        | Reached skill level 10 in Axes
   643 | D        | Your scales start taking on a golden yellow colour.
   643 | D        | Reached XP level 7. HP: 54/73 MP: 7/7
   643 | D        | Gained mutation: You are resistant to acid. (rCorr) [Yellow
                  | Draconian growth]
   855 | D        | Noticed a shadow
   858 | D        | Killed a shadow
   859 | D        | Reached skill level 10 in Dodging
   859 | D        | Reached XP level 8. HP: 54/82 MP: 8/8
   982 | D        | Found a blossoming altar of Fedhas.
   982 | D        | Found a stormy altar of Qazlal.
   982 | D        | Found a snail-covered altar of Cheibriados.
   982 | D        | Found a burning altar of Makhleb.
   982 | D        | Found a shimmering altar of Xom.
   983 | D        | Found a hazy altar of Hepliaklqana.
   983 | D        | Found an opulent altar of Gozag.
   983 | D        | Found a sparkling altar of Nemelex Xobeh.
   983 | D        | Found a corrupted altar of Lugonu.
   983 | D        | Found a viscous altar of Jiyva.
  1013 | D        | Noticed Erica
  1027 | D        | HP: 4/123 [something (9)]
  1027 | D        | Slain by Erica

Illustrated notes

Levels and vault maps discovered:
D:        dungeon_sprint_mu [sprint_mu_entry_cave, sprint_mu_temple_rooms,
          sprint_mu_d1_horrors, sprint_mu_d2_genie, sprint_mu_d3_branching,
          sprint_mu_orc_legion, sprint_mu_elf_gauntlet, sprint_mu_hive_nellie,
          sprint_mu_lair_fedhas, sprint_mu_vaults_butterflies,
          sprint_mu_slime_circle, sprint_mu_swamp_cave, sprint_mu_snake_twists,
          sprint_mu_blade_basic, sprint_mu_crypt_fortress,
          sprint_mu_tomb_spiral, sprint_mu_vestibule_basic,
          sprint_mu_gehenna_hellfire, sprint_mu_dis_giant,
          sprint_mu_tartarus_statrot, sprint_mu_cocytus_islands, sprint_mu_zot1]

Skill      XL: |  1  2  3  4  5  6  7 |
---------------+----------------------+-----
Dodging        | 4 5 6 7 9 10 | 10.2
Fighting       | 4 6 7 8 10 11 | 11.5
Axes           | 4 5 7 8 10 11 | 11.3
Stealth        | |  0.6

Action                   |  1- 3 |  4- 6 |  7- 9 || total
-------------------------+-------+-------+-------++-------
Melee: Hand axe          |    27 |    46 |    19 ||    92
       Tailslap          |     2 |     1 |     3 ||     6
       Punch             |     1 |     1 |       ||     2
Invok: Berserk           |     2 |     2 |     1 ||     5
 Abil: Breathe Acid      |       |       |     3 ||     3
  Use: Potion            |     1 |       |     1 ||     2
Armor: Skin              |     5 |     4 |     1 ||    10
Dodge: Dodged            |    10 |    18 |     4 ||    32

Table legend: (Time is in decaauts)
 A = Elapsed time spent in this place.
 B = Non-inter-level travel time spent in this place.
 C = Inter-level travel time spent in this place.
 D = Time resting spent in this place.
 E = Time spent auto-exploring this place.
 F = Levels seen in this place.
 G = Mean time per level.
                   A        B        C        D        E       F      G
               +--------+--------+--------+--------+--------+-----+--------+
         Total |   1044 |   1044 |      0 |    761 |     65 |   1 | 1044.0 |
       Dungeon |   1044 |   1044 |      0 |    761 |     65 |   1 | 1044.0 |
               +--------+--------+--------+--------+--------+-----+--------+

Top non-repeatable levels by time:
       D: 1044 daAuts
